 Dungeon Crawl Stone Soup version 0.28.0 (webtiles) character file.

Game seed: 4688183970448197310

172 Minsecho the Skirmisher (level 5, -5/41 HPs)
             Began as a Djinni Cinder Acolyte on Feb 5, 2022.
             Was a High Priest of Ignis.
             Slain by a wyvern zombie (7 damage)
             ... on level 4 of the Dungeon.
             The game lasted 00:07:54 (3240 turns).

Minsecho the Skirmisher (Djinni Cinder Acolyte)     Turns: 3240, Time: 00:07:54

Health: -5/41      AC:  8    Str: 13    XL:     5   Next: 82%
Gold:   131        EV: 12    Int: 17    God:    Ignis [*****.] SH:  0 Dex:  9

rFire   + + +      SeeInvis +   a - -1 falchion (flame)
rCold   + + .      Faith    .   (no shield)
rNeg    . . .      Spirit   .   b - +0 robe
rPois   ∞          Reflect  .   f - +5 helmet "Gicy" {-Cast Rampage rC++ SInv}
rElec   +          Harm     .   (no cloak)
rCorr   +          Rampage  +   (no gloves)
Will    .....      NoCast   +   (boots unavailable)
Stlth   +.........              (no amulet)
HPRegen 0.13/turn               (no ring)
MPRegen 0.00/turn               (no ring)

@: resistant, flying
A: sickness immunity, fire resistance 2, cold vulnerability 1, float, innate
caster, HP casting, extra vitality 1
a: Renounce Religion, Fiery Armour, Foxfire Swarm, Rising Flame


You were on level 4 of the Dungeon.
You worshipped Ignis.
Ignis was extremely pleased with you.
You visited 1 branch of the dungeon, and saw 4 of its levels.

You collected 131 gold pieces.

Inventory:

Hand Weapons
 a - a -1 falchion of flaming (weapon)
Armour
 b - a +0 robe (worn)
 e - a +0 pair of gloves
 f - the +5 helmet "Gicy" (worn) {-Cast Rampage rC++ SInv}
   (You took it off Robin on level 2 of the Dungeon)

   rC:        It greatly protects you from cold.
   SInv:      It lets you see invisible.
   -Cast:     It prevents spellcasting.
   Rampage:   It bestows one free step when moving towards enemies.
Wands
 k - a wand of acid (11)
Scrolls
 c - a scroll of identify {unknown}
 d - a scroll of enchant weapon {unknown}
 g - a scroll of teleportation {unknown}
 j - a scroll of vulnerability {unknown}


   Skills:
 + Level 3.9 Fighting
 + Level 3.8 Long Blades
 + Level 1.9 Dodging
 + Level 1.3 Stealth
 + Level 2.8 Spellcasting


You had 4 spell levels left.
You knew the following spells:

 Your Spells              Type           Power      Damage    Failure   Level
a - Scorch                Fire           22%        2d6       9%          2
b - Magic Dart            Conj           44%        1d5       5%          1
c - Ensorcelled Hibernat  Hex/Ice        22%        N/A       9%          2
Your spell library was empty.

Dungeon Overview and Level Annotations

Branches:
Dungeon (4/15)
 Temple: D:4-7

Altars:
Cheibriados
Fedhas

Shops:
D:2 (   D:3 [


Innate Abilities, Weirdness & Mutations

You are immune to sickness and miasma.
You are immune to poison.
Your flesh is very heat resistant. (rF++)
You are vulnerable to cold. (rC-)
You float through the air rather than walking.
You learn spells naturally, not from books.
Your magical power is your life essence.
You have superior vitality. (+4 MHP)


Message History

The wyvern zombie is moderately damaged.
The quokka misses you. The wyvern zombie misses you.
The quokka bites you but does no damage.
The wyvern zombie bites you but does no damage.
You hit the wyvern zombie. You burn the wyvern zombie.
The wyvern zombie is moderately damaged.
The wyvern zombie bites you.
The quokka bites you but does no damage.
You barely miss the quokka. The wyvern zombie closely misses you.
The quokka bites you.
You closely miss the quokka.
The wyvern zombie bites you but does no damage.
The quokka bites you but does no damage.
The wyvern zombie bites you.
The quokka bites you but does no damage.
You barely miss the quokka. The wyvern zombie bites you. The quokka bites you.
* * * LOW HITPOINT WARNING * * *
You barely miss the wyvern zombie.
The wyvern zombie is moderately damaged.
The wyvern zombie closely misses you. The quokka barely misses you.
The wyvern zombie bites you!
* * * LOW HITPOINT WARNING * * *
It was a potion of resistance.
You feel protected. The quokka barely misses you. The wyvern zombie misses you.
The quokka barely misses you.
It was a potion of curing.
You feel better. The wyvern zombie bites you.
* * * LOW HITPOINT WARNING * * *
The quokka bites you.
* * * LOW HITPOINT WARNING * * *
The wyvern zombie barely misses you. The quokka misses you.
There is a stone staircase leading up here.
Okay, then.
Unknown command.
The wyvern zombie closely misses you.
The quokka twitches its whiskers.
An adder comes into view.
The wyvern zombie bites you!
You die...

...# ## .#.# ##.
.... #.. ..#
#.#..# .
.######.#.# ##S#
..........#
##....#
###.##..#####...#
#..<.rZ@.#
.......?...###
.:....#...##
......#..###
8..#......
..##...... ##
#....### #..##


You could see an adder (asleep), a wyvern zombie and a quokka.

Vanquished Creatures
  A bullfrog zombie (D:3)
  Terence (D:2)
  Robin (D:2)
  2 adders (D:3)
  4 worms
  A dart slug (D:1)
  3 orcs (D:3)
  4 endoplasms
  A giant cockroach (D:2)
  13 goblins
  5 hobgoblins
  7 jackals
  5 kobolds
  2 quokkas
  4 ball pythons
  5 bats
  A frilled lizard (D:1)
  6 rats
66 creatures vanquished.

Vanquished Creatures (others)
  12 foxfires (D:2)
12 creatures vanquished.

Grand Total: 78 creatures vanquished

Notes
Turn   | Place    | Note
-------+----------+-------------------------------------------
     0 | D:1      | Minsecho the Djinni Cinder Acolyte began the quest for the
                  | Orb.
     0 | D:1      | Reached XP level 1. HP: 20/20 MP: 0/0
   243 | D:1      | Reached XP level 2. HP: 25/25 MP: 0/0
   508 | D:1      | Found a faded altar of an unknown god.
   515 | D:1      | You are sucked into a shaft and drop 1 floor!
   515 | D:2      | Found Innybux's Weapon Emporium.
   558 | D:2      | Reached XP level 3. HP: 24/30 MP: 0/0
   558 | D:2      | Learned a level 1 spell: Magic Dart
   699 | D:2      | Identified the +5 helmet "Gicy" {-Cast Rampage rC++ SInv}
   699 | D:2      | Noticed Robin
  1097 | D:2      | Found a blossoming altar of Fedhas.
  1120 | D:2      | HP: 2/45 [quokka (4)]
  1391 | D:2      | Noticed Terence
  1401 | D:2      | Killed Terence
  1402 | D:2      | Reached skill level 1 in Dodging
  1402 | D:2      | Reached skill level 1 in Stealth
  1402 | D:2      | Reached XP level 4. HP: 7/36 MP: 0/0
  2085 | D:2      | Killed Robin
  2424 | D:3      | Reached XP level 5. HP: 30/41 MP: 0/0
  2424 | D:3      | Learned a level 2 spell: Ensorcelled Hibernation
  2717 | D:3      | Found Neuryned's Antique Armour Emporium.
  2756 | D:3      | Found a snail-covered altar of Cheibriados.
  3232 | D:4      | HP: 1/41 [wyvern zombie (8)]
  3240 | D:4      | Slain by a wyvern zombie

Illustrated notes

Levels and vault maps discovered:
D:1:      amcnicky_arrival_double_pillar, layout_rooms,
          hellmonk_ecumenical_altar_heavens_door, minmay_pentomino_s4
D:2:      minmay_spotlight, layout_basic, basic_altar, serial_shops,
          nicolae_shop_bloodbath_and_beyond, uniq_terence, uniq_robin
D:3:      layout_basic, slow_altar_2, serial_shops, shop,
          minmay_misc_feat_enclosed, minmay_misc_feat_chi
D:4:      layout_rooms, lightli_temple_of_fire,
          mainiacjoe_overflow_small_starburst, gup_sewer_entry_spiral,
          serial_shops, shop, nrook_campfire, mrwooster_statue_mirror,
          minmay_misc_feat_cross, chequers_serial_rivers_micro_c

Skill      XL: |  1  2  3 |
---------------+----------+-----
Long Blades    | 3 |  3.8
Dodging        | 1 |  1.9
Stealth        | 1 |  1.3
Fighting       | |  3.9
Spellcasting   | |  2.8

Action                   |  1- 3 |  4- 6 || total
-------------------------+-------+-------++-------
Melee: Falchion          |    99 |   147 ||   246
       Punch             |     1 |     1 ||     2
Invok: Foxfire Swarm     |     1 |       ||     1
  Use: Potion            |     1 |     3 ||     4
       Scroll            |     1 |       ||     1
 Stab: Sleeping          |     1 |     2 ||     3
Armor: Robe              |    15 |    60 ||    75
Dodge: Dodged            |    59 |   108 ||   167
